Map: Acid Plant LE

Players

HuT - Winner!

  • Race: Terran Terran
  • Spawn Location: 11:00

JonSnow

  • Race: Zerg Zerg
  • Spawn Location: 5:00

Event: WCS Montreal 2018

VOD

Have the link to the VOD?

Description

Time

  • Played on: Sept. 7, 2018, 9:07 p.m.
  • Length: 8:29

All games in this series

Show
View Real Time Build Order
Export as new Build Order

HuT Terran - Winner!

Build Orders: Hellion Opening, Reaper Expand, MMM Bio 

Get SALT Encoding   

  12  0:00  SCV  
  13  0:13  SCV  
  14  0:17  Supply Depot  
  14  0:25  SCV  
  15  0:38  SCV  
  15  0:40  Barracks  
  16  0:43  Refinery  
  16  0:50  SCV  
  17  1:04  SCV  
  18  1:18  SCV  
  19  1:28  Reaper  
  19  1:30  Orbital Command  
  20  1:39  Command Center  
  20  1:49  Supply Depot  
  20  1:56  SCV  
  20  2:00  Marine  
  22  2:08  SCV  
  23  2:10  Factory  
  23  2:15  Refinery  
  23  2:20  SCV  
  23  2:21  Barracks Reactor  
  24  2:34  SCV  
  25  2:46  SCV  
  26  2:51  Orbital Command  
  26  2:58  SCV  
  26  2:59  Starport  
  26  3:01  Hellion x2  
  26  3:04  Barracks Tech Lab  
  31  3:10  SCV  
  32  3:19  SCV, Supply Depot  
  33  3:22  Hellion x2, SCV  
  38  3:31  SCV  
  39  3:41  SCV  
  39  3:42  Barracks Tech Lab  
  39  3:43  SCV, Supply Depot  
  39  3:45  Hellion x2  
  45  3:48  Viking  
  47  3:58  SCV x2  
  47  4:02  Marine  
  50  4:03  Stimpack  
  50  4:10  SCV x2  
  56  4:17  Supply Depot  
  56  4:22  SCV x2  
  61  4:28  Marine  
  58  4:33  Barracks  
  58  4:34  Barracks  
  58  4:35  Factory Tech Lab  
  58  4:37  SCV x2  
  57  4:40  Engineering Bay, Supply Depot  
  57  4:41  Refinery  
  57  4:44  Starport Reactor  
  57  4:45  Siege Tank  
  60  4:46  Marine  
  60  4:51  Supply Depot  
  61  4:57  SCV  
  61  4:58  SCV  
  63  5:04  Marine  
  63  5:06  Terran Infantry Weapons Level 1  
  64  5:08  Barracks  
  64  5:12  Barracks  
  64  5:17  Siege Tank  
  64  5:18  SCV x2  
  64  5:21  Supply Depot  
  69  5:24  Medivac x2  
  73  5:29  Marine x3  
  73  5:31  SCV  
  73  5:32  Barracks Reactor  
  77  5:37  SCV  
  78  5:44  SCV, Supply Depot x2  
  78  5:47  Marine  
  80  5:51  Refinery  
  80  5:53  Marine x2  
  80  5:54  Siege Tank  
  80  5:56  Medivac  
  87  6:03  Medivac  
  89  6:04  Marine x3  
  92  6:11  Marine x2  
  92  6:13  Supply Depot x2  
  92  6:14  Marine x2  
  96  6:22  Marine x3  
  99  6:27  Combat Shields  
  99  6:29  Marine x2  
  99  6:32  Marine x2  
  103  6:33  Liberator  
  103  6:34  Siege Tank  
  106  6:40  Marine x2  
  97  6:47  Liberator, Marine x3  
  97  6:50  Marine x2  
  105  6:57  Marine  
  105  6:58  Marine  
  104  7:04  Marine  
  104  7:05  Marine x2  
  104  7:07  Marine  
  104  7:08  Marine  
  107  7:15  Marine x2  
  105  7:16  Liberator  
  105  7:22  Marine  
  107  7:23  Marine x2  
  107  7:25  Marine x2  
  105  7:33  Marine x2  
  110  7:40  Marine x3  
  110  7:43  Marine x2  
  110  7:44  SCV x2, Supply Depot  
  117  7:45  Supply Depot  
  117  7:51  Marine x2  
  119  7:58  Marine x3  
  121  8:01  Marine x2  
  121  8:03  Supply Depot  
  126  8:09  Marine x2  
Show
View Real Time Build Order
Export as new Build Order

JonSnow Zerg 

Build Orders: Hatch First 

Get SALT Encoding   

  12  0:00  Drone  
  13  0:14  Overlord  
  13  0:18  Drone  
  14  0:33  Drone x2  
  16  0:49  Hatchery  
  15  0:53  Drone  
  15  0:57  Drone  
  17  1:03  Drone  
  18  1:11  Extractor  
  17  1:17  Spawning Pool  
  16  1:20  Drone  
  16  1:22  Drone  
  18  1:30  Drone  
  19  1:46  Drone  
  20  1:53  Overlord  
  20  2:03  Queen x2  
  20  2:04  Zergling x4  
  26  2:11  Metabolic Boost  
  26  2:14  Drone  
  27  2:18  Drone  
  28  2:37  Hatchery  
  28  2:40  Drone x2  
  28  2:44  Drone  
  28  2:45  Drone  
  30  2:52  Queen  
  30  2:55  Drone  
  33  3:00  Overlord  
  33  3:04  Zergling x2  
  33  3:05  Zergling x2  
  35  3:11  Overlord  
  35  3:19  Zergling x4  
  37  3:20  Drone x3  
  40  3:30  Drone x4  
  44  3:39  Queen  
  44  3:40  Overlord  
  46  3:44  Drone x3  
  49  3:49  Queen  
  52  3:55  Drone x3  
  53  4:11  Drone x2  
  53  4:12  Drone x6  
  53  4:15  Drone  
  53  4:16  Drone  
  62  4:17  Drone  
  62  4:20  Queen  
  65  4:30  Evolution Chamber  
  64  4:32  Evolution Chamber  
  64  4:33  Overlord x2  
  63  4:41  Extractor  
  62  4:50  Queen  
  64  4:53  Zergling x6  
  64  4:55  Zergling x2  
  64  4:56  Zergling x16  
  64  4:59  Zerg Melee Weapons Level 1  
  72  5:05  Overlord  
  72  5:11  Overlord  
  72  5:21  Overlord  
  72  5:26  Drone x2, Overlord  
  72  5:27  Zerg Ground Armor Level 1  
  74  5:30  Extractor  
  74  5:31  Baneling Nest  
  72  5:40  Drone  
  72  5:41  Drone x12  
  72  5:42  Lair  
  85  5:44  Extractor  
  84  5:53  Drone  
  84  5:54  Drone x2  
  84  5:55  Drone  
  88  5:57  Extractor  
  88  6:02  Zergling x6, Hatchery  
  84  6:04  Drone  
  84  6:06  Drone  
  84  6:08  Hatchery  
  84  6:12  Drone, Queen  
  87  6:19  Drone  
  87  6:20  Overlord  
  87  6:22  Zergling x12  
  94  6:27  Baneling x3  
  94  6:29  Zergling x2  
  94  6:30  Zergling x2  
  96  6:36  Baneling x3  
  96  6:37  Baneling, Zergling x4  
  98  6:45  Zergling x6  
  98  6:46  Hydralisk Den  
  93  6:47  Queen  
  93  6:49  Zergling x2  
  93  6:52  Baneling x3  
  88  7:02  Zergling x16  
  88  7:08  Zergling x2  
  91  7:11  Zergling x2  
  86  7:17  Zergling x10  
  86  7:21  Hydralisk x5, Infestation Pit  
  83  7:26  Zergling x2  
  83  7:29  Hydralisk  
  83  7:30  Zergling x6  
  83  7:40  Zergling x2  
  83  7:41  Zergling x6  
  83  7:43  Baneling x4, Zergling x2  
  83  7:44  Zergling x2  
  90  7:49  Zergling x2  
  90  7:50  Zergling x2  
  85  7:52  Zergling x2  
  85  7:56  Zergling x2  
  86  7:59  Zergling x2  
  86  8:02  Zergling x6  
  86  8:04  Extractor  
  86  8:05  Extractor  
  90  8:06  Zergling x6  
  90  8:08  Zergling x2  
Tags
 
Add a new tag
Caveats
  • Supply blocks, unpowered buildings, or Contaminate may cause inaccurate times.
  • Supply counts are checked every 10 seconds.